 Dungeon Crawl Stone Soup version 0.27.1-33-g824d729ab1 (webtiles) character file.

Game seed: 15009885813299961463

107 zeram the Covert (level 4, -4/29 HPs)
             Began as an Octopode Brigand on Dec 21, 2021.
             Slain by a gnoll (16 damage)
             ... on level 3 of the Dungeon.
             The game lasted 00:03:06 (2759 turns).

zeram the Covert (Octopode Brigand)                 Turns: 2759, Time: 00:03:06

Health: -4/29      AC:  1    Str: 10    XL:     4   Next: 86%
Magic:  4/4        EV: 13    Int: 14    God:
Gold:   89         SH:  0    Dex: 13    Spells: 3/3 levels left

rFire    . . .     SeeInvis .   a - +4 dagger
rCold    . . .     Faith    .   (no shield)
rNeg     . . .     Spirit   .   (helmet restricted)
rPois    .         Reflect  .   (no amulet)
rElec    .         Harm     .   (no ring)
rCorr    .         Rampage  .   (no ring)
Will     .....                  (no ring)
Stlth    +++++.....             (no ring)
HPRegen  0.09/turn              (no ring)
MPRegen  0.09/turn              (no ring)
                                (no ring)
                                (no ring)

@: no status effects
A: almost no armour, amphibious, 8 rings, camouflage 1, gelatinous body 1,
(nimble swimmer 1), tentacles
a: no special abilities


You were on level 3 of the Dungeon.
You visited 1 branch of the dungeon, and saw 3 of its levels.

You collected 89 gold pieces.

Inventory:

Hand Weapons
 a - a +4 dagger (weapon)
Missiles
 b - 8 poisoned darts (quivered)
 c - 2 curare-tipped darts
Jewellery
 g - a ring of fire
Scrolls
 i - a scroll of magic mapping
Potions
 d - a potion of might {unknown}
 e - a potion of degeneration {unknown}
 f - a potion of heal wounds {unknown}
 k - a potion of invisibility {unknown}
 l - 2 potions of attraction {unknown}


   Skills:
 - Level 2.0 Fighting
 - Level 2.0 Short Blades
 - Level 2.0 Throwing
 + Level 1.6 Dodging
 + Level 8.1 Stealth


You had 3 spell levels left.
You didn't know any spells.
Your spell library was empty.

Dungeon Overview and Level Annotations

Branches:
Dungeon (3/15)

Altars:
Ashenzari


Innate Abilities, Weirdness & Mutations

You cannot wear most types of armour.
You are amphibious.
You can wear up to eight rings at the same time.
Your skin changes colour to match your surroundings (Stealth+).
Your rubbery body absorbs attacks. (AC +1, EV +1)
((You are camouflaged near water. (Stealth+)))
You have tentacles for arms and can constrict up to eight enemies at once.


Message History

* * * LOW HITPOINT WARNING * * *
You climb upwards.
There is a stone staircase leading down here.
You feel better. The gnoll completely misses you.
You closely miss the gnoll. Your grab misses the gnoll.
The gnoll closely misses you.
You barely miss the gnoll. You grab the gnoll.
You constrict the gnoll, but do no damage.
You hit the gnoll.
The gnoll is moderately wounded.
You constrict the gnoll. The gnoll hits you with a +0 whip.
You hit the gnoll but do no damage.
The gnoll is moderately wounded.
You constrict the gnoll. The gnoll hits you with a +0 whip.
You hit the gnoll.
The gnoll is heavily wounded.
You constrict the gnoll. The gnoll misses you.
You hit the gnoll.
The gnoll is severely wounded.
You constrict the gnoll. The gnoll hits you with a +0 whip!
* * * LOW HITPOINT WARNING * * *
You hit the gnoll but do no damage.
The gnoll is almost dead.
You constrict the gnoll.
You kill the gnoll!
There is a stone staircase leading down here.
You see here a +0 whip.
You start resting.
HP restored.
As you read the scroll of enchant weapon, it crumbles to dust.
Your +3 dagger glows red for a moment.
You climb downwards.
There is a stone staircase leading up here.
The gnoll hits you from afar with a +0 halberd!
Ouch! That really hurt!
Items here: ) [[ ÷.
There is a stone staircase leading up here.
The gnoll hits you from afar with a +0 halberd!
Ouch! That really hurt!
You die...

#.###.##g.# #.#
#....)....# #.#
#####)##### ##+##
#.#g## ##...##
##.###.## ##.....## #.#
##†# ##.......##
##.###.####.........###
#.#.....'...).....'..
#...####.÷g.@....#
#..## ##..(....## #.##
##.....## #.# ##...##
#.# ##'## #.# #.#
#.####### ##.####
#.......# #.....#
#..####.###...#.#


You could see a gnoll.

Vanquished Creatures
  Robin (D:3)
  2 gnolls
  An adder (D:3)
  5 orcs (D:2)
  4 ball pythons
  A bat (D:1)
  7 endoplasms
  3 giant cockroaches (D:1)
  11 goblins
  6 hobgoblins
  4 jackals (D:2)
  4 quokkas
  3 frilled lizards
  5 rats (D:1)
57 creatures vanquished.

Notes
Turn   | Place    | Note
-------+----------+-------------------------------------------
     0 | D:1      | zeram the Octopode Brigand began the quest for the Orb.
     0 | D:1      | Reached XP level 1. HP: 14/14 MP: 1/1
   385 | D:1      | Reached XP level 2. HP: 19/19 MP: 2/2
   390 | D:1      | Reached skill level 6 in Stealth
   860 | D:1      | Reached XP level 3. HP: 24/24 MP: 3/3
  1214 | D:2      | Found a broken altar of Ashenzari.
  1561 | D:2      | Reached skill level 7 in Stealth
  2010 | D:3      | Noticed Robin
  2019 | D:3      | Reached XP level 4. HP: 15/29 MP: 4/4
  2293 | D:3      | Killed Robin
  2411 | D:3      | Reached skill level 8 in Stealth
  2759 | D:3      | Slain by a gnoll

Illustrated notes

Levels and vault maps discovered:
D:1:      minmay_arrival_hallway, layout_basic, minmay_misc_feat_nine_boxes,
          minmay_tetromino_s2
D:2:      layout_loops_corners, basic_altar, nicolae_underground_beach
D:3:      layout_loops_corners, grunt_temple_overflow_lords_of_destruction,
          doesnt_xom_only_xom, ebering_ecumenical_altar_petrified, uniq_robin

Skill      XL: |  1  2  3  4 |
---------------+-------------+-----
Stealth        | 6 7 8 |  8.1
Fighting       | |  2.0
Short Blades   | |  2.0
Throwing       | |  2.0
Dodging        | |  1.6

Action                   |  1- 3 |  4- 6 || total
-------------------------+-------+-------++-------
Melee: Dagger            |    63 |    30 ||    93
       Constrict         |    14 |     4 ||    18
       Tentacles         |     8 |     1 ||     9
  Use: Scroll            |     5 |     1 ||     6
       Potion            |       |     2 ||     2
 Stab: Sleeping          |    26 |     2 ||    28
Armor: Skin              |     1 |     1 ||     2
Dodge: Dodged            |    13 |    18 ||    31
